AoeStats
← ForeverNoob

Arabian Desert

510645292Analyzed
1v1 RM · 1d ago on Oct 2, 2026· 29m 19s· 2 players
Game mode
Random Map
Map size
Tiny (2 player)
Population
200
Speed
Normal
Resources
Standard
Victory
Conquest
Starting age
Dark Age
Ending age
Imperial Age
RankedLock teamsTeams togetherTeam positionsShared explorationLock speedFull tech treeHidden civsTurbo modeCheats
Victory
Defeat
🇺🇸 Romans · United States
1709
+14
1662
-14
陈润健手持镰刀割韭菜
1:19 Loom
8:50 Feudal Age
9:26 Double-Bit Axe
12:23 Fletching
23:25 Castle Age
23:23 Bloodlines
23:11 Horse Collar
23:28 Gold Mining
24:09 Bodkin Arrow
ForeverNoob
6:21 Loom
8:51 Feudal Age
9:33 Double-Bit Axe
14:46 Fletching
16:35 Wheelbarrow
20:19 Padded Archer Armor
25:05 Castle Age
24:42 Scale Barding Armor
24:48 Bloodlines
24:53 Horse Collar
25:31 Gold Mining
25:08 Crossbowman
25:44 Bodkin Arrow
26:00 Husbandry
26:44 Forging
Connection lost

Rejoining the realm…

Still unreachable

The connection could not be restored.

Session expired

The server has moved on; the page needs a fresh start.